 Dungeon Crawl Stone Soup version 0.28-a0-819-g6ef7baa362 (webtiles) character file.

Game seed: 11785777634603668683

35 iamoutofideas the Firebug (level 3, -10/24 HPs)
             Began as a Demonspawn Fire Elementalist on Nov 8, 2021.
             Mangled by Sigmund (14 damage)
             ... on level 2 of the Dungeon.
             The game lasted 00:01:49 (2519 turns).

iamoutofideas the Firebug (DsFE)                    Turns: 2519, Time: 00:01:50

Health: -10/24     AC:  2    Str:  8    XL:     3   Next: 16%
Magic:  1/7        EV: 12    Int: 17    God:
Gold:   77         SH:  0    Dex: 13    Spells: 4/7 levels left

rFire   . . .      SeeInvis .   (no weapon)
rCold   . . .      Faith    .   (no shield)
rNeg    . . .      Spirit   .   a - +0 robe
rPois   .          Reflect  .   (helmet restricted)
rElec   .          Harm     .   (no cloak)
rCorr   .          Rampage  .   (no gloves)
Will    .....                   (no boots)
Stlth   ++........              (no amulet)
HPRegen 0.08/turn               (no ring)
MPRegen 0.10/turn               (no ring)

@: very slightly contaminated
A: antennae 1, foul stench 1
a: no special abilities


You were on level 2 of the Dungeon.
You visited 1 branch of the dungeon, and saw 2 of its levels.

You collected 77 gold pieces.

Inventory:

Armour
 a - a +0 robe (worn)
Scrolls
 b - a scroll of silence {unknown}
 e - a scroll of identify {unknown}
Potions
 c - 2 potions of haste {unknown}
 d - a potion of might {unknown}


   Skills:
 + Level 2.0 Dodging
 - Level 1.7 Stealth
 * Level 2.8 Spellcasting
 + Level 1.1 Conjurations
 + Level 3.1 Fire Magic


You had 4 spell levels left.
You knew the following spells:

 Your Spells              Type           Power      Damage    Failure   Level
a - Foxfire               Conj/Fire      36%        2x1d5     8%          1
b - Scorch                Fire           24%        2d6       8%          2

Your spell library contained the following spells:

 Spells                   Type           Power      Damage    Failure   Level
 Conjure Flame            Conj/Fire      9%         6-21      22%         3
 Inner Flame              Hex/Fire       7%         N/A       28%         3
 Flame Wave               Conj/Fire      9%         3d4       58%         4


Dungeon Overview and Level Annotations

Branches:
Dungeon (2/15)

Altars:

Annotations:
D:2 Sigmund


Innate Abilities, Weirdness & Mutations

You have a pair of small antennae on your head.
You may rarely emit foul miasma when damaged in melee.


Message History

The foxfire hits Sigmund but does no damage.
Sigmund is lightly wounded.
Sigmund hits you from afar with a +0 scythe.
Casting: Foxfire (safe; 8% risk of failure)
Confirm with . or Enter, or press ? or * to list all spells.
You conjure some foxfire!
Unknown command.
Casting: Foxfire (safe; 8% risk of failure)
Confirm with . or Enter, or press ? or * to list all spells.
You conjure some foxfire!
The foxfire hits Sigmund.
Sigmund is lightly wounded.
The foxfire hits Sigmund.
Sigmund is moderately wounded.
Sigmund hits you from afar with a +0 scythe.
* * * LOW HITPOINT WARNING * * *
Unknown command.
The foxfire hits Sigmund.
Sigmund is moderately wounded.
The foxfire hits Sigmund.
Sigmund is heavily wounded.
Casting: Foxfire (safe; 8% risk of failure)
Confirm with . or Enter, or press ? or * to list all spells.
You conjure some foxfire!
Sigmund closely misses you.
Your foxfire dissipates!
The foxfire hits Sigmund.
Sigmund is heavily wounded.
Casting: Foxfire (safe; 8% risk of failure)
Confirm with . or Enter, or press ? or * to list all spells.
You don't have enough magic to cast this spell.
Casting: Foxfire (safe; 8% risk of failure)
Confirm with . or Enter, or press ? or * to list all spells.
You conjure some foxfire!
Sigmund casts a spell.
Sigmund flickers and vanishes!
Deactivating autopickup; reactivate with Ctrl-A.
Your foxfire dissipates!
The foxfire hits something.
Something hits you!
Ouch! That really hurt!
You die...

#.# #.# ### #.# ... ##'##
#.# ##...## #.# ##.....##
####.# ##.....{.##
###.##†#
#.....§...###.)....######
+.....§.@.'..............
#......§..###..........##
##.......## #.#....###.#
##.....## #.##...###.#
##...## #.##.....†.#
##+## #.....######
####.## #.


There were no monsters in sight!

Vanquished Creatures
  2 worms (D:2)
  A dart slug (D:2)
  6 bats
  An endoplasm (D:1)
  2 giant cockroaches (D:1)
  A goblin (D:1)
  A hobgoblin (D:1)
  4 jackals
  2 kobolds
  4 ball pythons
  2 rats (D:1)
26 creatures vanquished.

Vanquished Creatures (others)
  97 foxfires
97 creatures vanquished.

Grand Total: 123 creatures vanquished

Notes
Turn   | Place    | Note
-------+----------+-------------------------------------------
     0 | D:1      | iamoutofideas the Demonspawn Fire Elementalist began the
                  | quest for the Orb.
     0 | D:1      | Reached XP level 1. HP: 13/13 MP: 3/3
   552 | D:1      | Reached skill level 3 in Fire Magic
   614 | D:1      | Gained mutation: You may rarely emit foul miasma when
                  | damaged in melee. [demonic ancestry]
   614 | D:1      | Reached XP level 2. HP: 19/19 MP: 3/5
  1184 | D:1      | Learned a level 2 spell: Scorch
  2178 | D:2      | Gained mutation: You have a pair of small antennae on your
                  | head. [demonic ancestry]
  2178 | D:2      | Reached XP level 3. HP: 8/24 MP: 2/7
  2502 | D:2      | Noticed Sigmund
  2519 | D:2      | Mangled by Sigmund

Illustrated notes

Levels and vault maps discovered:
D:1:      dpeg_arrival_connections, layout_loops_ring, kennysheep_small_spiral
D:2:      layout_loops_corners, uniq_sigmund, uniq_jessica

Skill      XL: |  1 |
---------------+----+-----
Dodging        | 2 |  2.0
Fire Magic     | 3 |  3.1
Stealth        | |  1.7
Spellcasting   | |  2.8
Conjurations   | |  1.1

Action                   || total
-------------------------++-------
Melee: Unarmed           ||    18
 Cast: Foxfire           ||    76
Armor: Robe              ||    18
Dodge: Dodged            ||    45

Table legend: (Time is in decaauts)
 A = Elapsed time spent in this place.
 B = Non-inter-level travel time spent in this place.
 C = Inter-level travel time spent in this place.
 D = Time resting spent in this place.
 E = Time spent auto-exploring this place.
 F = Levels seen in this place.
 G = Mean time per level.
                   A        B        C        D        E       F      G
               +--------+--------+--------+--------+--------+-----+--------+
         Total |   2518 |   2485 |     33 |    372 |   1855 |   2 | 1259.0 |
       Dungeon |   2518 |   2485 |     33 |    372 |   1855 |   2 | 1259.0 |
               +--------+--------+--------+--------+--------+-----+--------+

Top non-repeatable levels by time:
     D:1: 1616 daAuts
     D:2: 902 daAuts
